 Dungeon Crawl Stone Soup version 0.28.0 (webtiles) character file.

Game seed: 2725014064065600634

6384 SnakkuSnakku7 the Thaumaturge (level 11, -5/81 HPs)
             Began as a Djinni Gladiator on Feb 10, 2022.
             Hit by a large rock thrown by a cyclops (34 damage)
             ... on level 11 of the Dungeon.
             The game lasted 00:17:40 (11748 turns).

SnakkuSnakku7 the Thaumaturge (Djinni Gladiator)   Turns: 11748, Time: 00:17:40

Health: -5/81      AC: 13    Str: 13    XL:     11   Next: 17%
Gold:   667        EV: 13    Int: 13    God:
                   SH:  0    Dex: 16

rFire   + + .      SeeInvis .   a - +2 flail (protect)
rCold   x . .      Faith    .   (no shield)
rNeg    . . .      Spirit   .   e - +0 steam dragon scales
rPois   ∞          Reflect  .   B - +2 helmet
rElec   .          Harm     .   b - +0 cloak
rCorr   .          Rampage  .   (no gloves)
Will    +....                   (boots unavailable)
Stlth   +.........              (no amulet)
HPRegen 0.23/turn               n - +4 ring of protection
MPRegen 0.00/turn               (no ring)

@: flying
A: sickness immunity, fire resistance 2, cold vulnerability 1, float, innate
caster, HP casting, extra vitality 1
a: no special abilities


You were on level 11 of the Dungeon.
You visited 2 branches of the dungeon, and saw 11 of its levels.
You also visited: Ossuary.

You collected 667 gold pieces.

Inventory:

Hand Weapons
 a - a +2 flail of protection (weapon)
 c - a +0 arbalest
 h - a +2 mace of protection
 H - a +0 quarterstaff
Missiles
 g - 7 poisoned darts (quivered)
 C - 55 bolts
 D - a throwing net
Armour
 b - a +0 cloak (worn)
 e - +0 steam dragon scales (worn)
 i - a +0 plate armour
 B - a +2 helmet (worn)
Jewellery
 n - a +4 ring of protection (left hand)
Wands
 s - a wand of acid (13)
 w - a wand of flame (8)
 y - a wand of charming (8)
 A - a wand of iceblast (17)
 E - a wand of polymorph (9)
Scrolls
 d - a scroll of magic mapping {unknown}
 f - 3 scrolls of vulnerability {unknown}
 r - 2 scrolls of teleportation
 u - a scroll of blinking {unknown}
 F - 4 scrolls of identify
 G - a scroll of holy word {unknown}
Potions
 j - a potion of berserk rage {unknown}
 k - 3 potions of curing
 l - 3 potions of attraction
 m - 2 potions of heal wounds
 o - a potion of invisibility
 p - a potion of lignification
 q - a potion of might {unknown}
 t - 2 potions of cancellation
 v - a potion of brilliance
 x - a potion of mutation {unknown}
 z - a potion of haste {unknown}


   Skills:
 - Level 8.0 Fighting
 - Level 2.6 Staves
 + Level 6.5 Crossbows
 - Level 1.5 Throwing
 - Level 3.2 Dodging
 - Level 9.2 Spellcasting


You had 15 spell levels left.
You knew the following spells:

 Your Spells              Type           Power      Damage    Failure   Level
a - Ozocubu's Armour      Ice            30%        N/A       1%          3
b - Corpse Rot            Necr/Air       60%        N/A       1%          2
c - Shock                 Conj/Air       100%       1d9       1%          1
d - Teleport Other        Tloc           30%        N/A       1%          3
e - Sticky Flame          Conj/Fire      30%        2d5       2%          4
Your spell library was empty.

Dungeon Overview and Level Annotations

Branches:
Dungeon (9/15)             Temple (1/1) D:5            Lair (0/6) D:8
Ossuary (visited)
    Orc: D:9-12

Altars:
Cheibriados
Dithmenos
Elyvilon
Fedhas
Gozag
Hepliaklqana
Kikubaaqudgha
Makhleb
Nemelex Xobeh
Qazlal
Ru
Uskayaw
Xom
Yredelemnul
Zin
The Shining One
Beogh
Lugonu

Shops:
D:7 (*   D:9 !

Annotations:
D:5 1 transporter
D:6 2 transporters, indyram44's ghost, novice DsFi


Innate Abilities, Weirdness & Mutations

You are immune to sickness and miasma.
You are immune to poison.
Your flesh is very heat resistant. (rF++)
You are vulnerable to cold. (rC-)
You float through the air rather than walking.
You learn spells naturally, not from books.
Your magical power is your life essence.
You have superior vitality. (+4 MHP)


Message History

g - 4 poisoned darts (gained 1)
Found a club.
g - 5 poisoned darts (gained 1)
g - 6 poisoned darts (gained 1)
g - 7 poisoned darts (gained 1)
You reach down and open the door.
A sourceless malevolence fills the Dungeon...
You are sucked into a shaft and drop 2 floors!
The shaft crumbles and collapses.
You feel a wave of frost pass over you.
There is an entrance to an ice cave on this level.
Hurry and find it before the portal melts!
Okay, then.
You reach down and open the door.
There is an open door here.
You reach down and open the door.
There is an open door here.
You reach down and open the door.
There is an open door here.
Found 15 gold pieces.
An ice devil comes into view.
A cyclops comes into view.
The cyclops shouts!
An ice devil comes into view.
There is a large open door here.
You hear the faint crackling of a melting archway very nearby.
Casting: Sticky Flame (dangerous; 2% risk of failure)
Confirm with . or Enter, or press ? or * to list all spells.
Aiming: Sticky Flame (dangerous; 2% risk of failure)
Press: ? - help, Shift-Dir - straight line, f - ice devil
Aim: an ice devil (100% to hit)
The sticky flame hits the ice devil but does no damage.
The ice devil is covered in liquid flames!
The ice devil burns!
The ice devil misses you.
Unknown command.
The ice devil burns!
The ice devil burns!
The ice devil stops burning.
The ice devil hits you! The ice devil freezes you!!
You feel a terrible chill!
The cyclops throws a large rock.
The large rock hits you!!
The cyclops throws a large rock.
The large rock hits you!!
You die...

.. ##'#+#### ...
##.C#....# #..#
#....# #..##..#.#
≈##..#..#4#
..##....#.#
≈#.#...^4.#
.#.#......#
≈#.#..#@######
$##..#......#
≈≈##...#......# .
8##....#+###..# . o
##.. ......#..#
###.##..####..#.#..#
.©.##......#..#.#..#
####.......#....#..#
.©.........#....'..#


You could see a cyclops and 2 ice devils.

Vanquished Creatures
  2 two-headed ogres (D:9)
  Pikel (D:5)
  Maggie (D:8)
  A troll (D:9)
  Grinder (D:4)
  Eustachio (D:5)
  3 steam dragons
  A water moccasin (D:6)
  A hornet zombie (D:7)
  An orc warrior (D:7)
  4 sky beasts
  5 necrophages
  3 ice beasts
  An ogre (D:4)
  2 centaurs
  3 phantoms
  A lemure (D:5)
  An elf zombie (D:5)
  2 bullfrogs
  A gnoll sergeant (D:8)
  3 scorpions
  2 elf skeletons (D:5)
  A wyvern skeleton (D:5)
  7 killer bees
  2 electric eels (D:5)
  A centaur zombie (D:9)
  A centaur skeleton (D:7)
  2 orc priests
  2 jellies
  A gnoll shaman (D:7)
  3 hounds
  A bullfrog skeleton (D:7)
  4 human zombies
  4 orc wizards
  2 human skeletons (D:5)
  2 iguanas (D:4)
  A hound zombie (D:5)
  A hound skeleton (D:4)
  3 mummies (Ossuary)
  3 gnolls (D:8)
  An adder (D:5)
  A shadow imp (D:6)
  4 adder zombies
  A worm (D:2)
  34 orcs
  12 endoplasms
  2 giant cockroaches
  3 goblins
  7 hobgoblins
  7 kobolds
  4 quokkas
  7 ball pythons
  10 bats
  3 frilled lizards (D:1)
  A gnoll zombie (Ossuary)
  A goblin zombie (Ossuary)
  4 hobgoblin zombies (Ossuary)
  2 kobold zombies (Ossuary)
  2 orc skeletons (D:5)
  3 orc zombies
  2 quokka zombies (Ossuary)
  3 rats
  2 rat zombies (Ossuary)
198 creatures vanquished.

Vanquished Creatures (others)
  An orc wizard (D:4)
  2 fungi (D:8)
  4 plants
7 creatures vanquished.

Grand Total: 205 creatures vanquished

Notes
Turn   | Place    | Note
-------+----------+-------------------------------------------
     0 | D:1      | SnakkuSnakku7 the Djinni Gladiator began the quest for the
                  | Orb.
     0 | D:1      | Reached XP level 1. HP: 18/18 MP: 0/0
    89 | D:1      | Reached skill level 1 in Spellcasting
    89 | D:1      | Reached XP level 2. HP: 19/23 MP: 0/0
   449 | D:1      | Reached XP level 3. HP: 22/28 MP: 0/0
   449 | D:1      | Learned a level 1 spell: Shock
   480 | D:1      | Reached skill level 2 in Spellcasting
  1132 | D:2      | Reached XP level 4. HP: 32/33 MP: 0/0
  1411 | D:2      | Found a faded altar of an unknown god.
  1540 | D:3      | Found a hide-covered altar of Uskayaw.
  1856 | D:3      | Found a basalt altar of Yredelemnul.
  1859 | D:3      | Found a hazy altar of Hepliaklqana.
  2395 | D:4      | Noticed a phantom
  2413 | D:4      | Killed a phantom
  2414 | D:4      | Reached skill level 3 in Spellcasting
  2414 | D:4      | Reached XP level 5. HP: 21/38 MP: 0/0
  2414 | D:4      | Learned a level 2 spell: Corpse Rot
  2606 | D:4      | Reached skill level 4 in Spellcasting
  2606 | D:4      | Reached XP level 6. HP: 41/43 MP: 0/0
  2648 | D:4      | Noticed Grinder
  2649 | D:4      | Paralysed by Grinder for 6 turns
  2661 | D:4      | Paralysed by Grinder for 3 turns
  3098 | D:4      | Reached XP level 7. HP: 47/49 MP: 0/0
  3098 | D:4      | Learned a level 3 spell: Ozocubu's Armour
  3211 | D:4      | Reached skill level 5 in Spellcasting
  3811 | D:4      | Found a burning altar of Makhleb.
  4014 | D:4      | Found a glowing silver altar of Zin.
  4014 | D:4      | Found an opulent altar of Gozag.
  4086 | D:4      | Paralysed by Grinder for 6 turns
  4115 | D:5      | Entered Level 5 of the Dungeon
  4323 | D:5      | Reached skill level 6 in Spellcasting
  4330 | D:5      | Found a sand-covered staircase.
  4343 | D:5      | Reached XP level 8. HP: 39/54 MP: 0/0
  4631 | Ossuary  | Entered an ossuary
  4651 | Ossuary  | HP: 2/54 [mummy (8)]
  5223 | D:5      | Noticed Eustachio
  5257 | D:5      | Killed Eustachio
  5258 | D:5      | Reached skill level 7 in Spellcasting
  5329 | D:5      | Found a staircase to the Ecumenical Temple.
  5358 | D:5      | Found a blossoming altar of Fedhas.
  5414 | D:5      | Reached XP level 9. HP: 15/58 MP: 0/0
  5414 | D:5      | Learned a level 3 spell: Teleport Other
  5428 | D:5      | Reached skill level 8 in Spellcasting
  5914 | D:5      | Found a transporter.
  5918 | D:5      | Found a transporter.
  6059 | D:5      | HP: 2/62 [steam dragon (6)]
  6424 | D:5      | Found a sparkling altar of Nemelex Xobeh.
  6703 | D:5      | Reached skill level 5 in Fighting
  6924 | D:6      | Found a transporter.
  6927 | D:6      | Found a transporter.
  6927 | D:6      | Noticed indyram44's ghost (novice DsFi)
  6928 | D:6      | Noticed a cyan ugly thing
  7232 | D:6      | Noticed Pikel
  7293 | D:5      | Killed Pikel
  7822 | D:6      | Reached XP level 10. HP: 59/76 MP: 0/0
  8214 | D:7      | Found Cohy's Weapon Shoppe.
  8852 | D:4      | Paralysed by Grinder for 7 turns
  8863 | D:4      | Paralysed by Grinder for 6 turns
  8870 | D:4      | Killed Grinder
  8959 | D:7      | Reached skill level 9 in Spellcasting
  8980 | D:7      | Found a glowing golden altar of the Shining One.
  9381 | D:7      | Found Botiss's Mass Market.
  9618 | D:8      | Noticed Maggie
  9918 | D:7      | Reached skill level 1 in Crossbows
 10168 | Temple   | Entered the Ecumenical Temple
 10450 | D:8      | Killed Maggie
 10514 | D:8      | Found a staircase to the Lair.
 11246 | D:9      | Found Ugarap's Distillery.
 11246 | D:9      | Noticed a two-headed ogre
 11264 | D:9      | Killed a two-headed ogre
 11304 | D:9      | Reached skill level 5 in Crossbows
 11339 | D:9      | Reached XP level 11. HP: 46/81 MP: 0/0
 11339 | D:9      | Learned a level 4 spell: Sticky Flame
 11555 | D:9      | Found a white marble altar of Elyvilon.
 11647 | D:9      | Noticed a two-headed ogre
 11661 | D:9      | Killed a two-headed ogre
 11688 | D:9      | You are sucked into a shaft and drop 2 floors!
 11735 | D:11     | Noticed a cyclops
 11748 | D:11     | Hit by a large rock thrown by a cyclops

Illustrated notes

Levels and vault maps discovered:
D:1:      dpeg_arrival_tiny_f, layout_basic, grunt_decor_fettered, st_stairs_5,
          hangedman_abyss_or_decor_lesser_grid
D:2:      layout_loops_cross, hellmonk_ecumenical_altar_defaced_shrine
D:3:      layout_basic, nicolae_overflow_hidden_temple,
          mainiacjoe_overflow_24_doors
D:4:      layout_basic, grunt_temple_overflow_gold_and_silver,
          makhleb_heckhound_becter, ebering_dispersal_statue_hall, uniq_grinder
D:5:      gammafunk_steamed_eel, layout_rooms, nemelex_spade_bored_becter,
          nicolae_overflow_crystal_walls, minmay_temple_entry_waves,
          nicolae_ossuary_entry_catacombs, uniq_eustachio
D:6:      layout_basic, gammafunk_ghost_arena, uniq_pikel
D:7:      layout_loops_cross, old_standard_altar, serial_shops, shop,
          st_stairs_10, minmay_shop_mass
D:8:      layout_cave_pools, dpeg_oklobed_lair, uniq_maggie
D:9:      layout_roguey, amcnicky_altar_gilded, serial_shops,
          nicolae_shop_crystal, shop, grunt_ogre_cave
D:11:     layout_stronghold, nzn_ghost_randoct, portal_ice_cave_demonic_guard,
          uniq_gastronok
Temple:   corrupted_temple

Skill      XL: |  1  2  3  4  5  6  7  8  9 10 11 |
---------------+----------------------------------+-----
Spellcasting   | 1 2 3 4 6 7 8 9 |  9.2
Fighting       | 7 8 |  8.0
Crossbows      | 5 6 |  6.5
Staves         | |  2.6
Throwing       | |  1.5
Dodging        | |  3.2

Action                   |  1- 3 |  4- 6 |  7- 9 | 10-12 || total
-------------------------+-------+-------+-------+-------++-------
Melee: Quarterstaff      |    67 |       |       |       ||    67
       Mace              |    37 |   132 |   584 |   260 ||  1013
       Punch             |     1 |     3 |     8 |     7 ||    19
       Flail             |       |       |       |    89 ||    89
Throw: Dart              |       |       |    13 |    10 ||    23
       Throwing net      |       |       |     4 |     1 ||     5
 Cast: Shock             |       |     5 |     4 |       ||     9
       Ozocubu's Armour  |       |       |     5 |     9 ||    14
       Teleport Other    |       |       |     2 |       ||     2
       Sticky Flame      |       |       |       |     6 ||     6
Evoke: Wand              |       |       |     6 |     2 ||     8
  Use: Scroll            |       |       |    11 |       ||    11
       Potion            |       |       |     3 |       ||     3
 Stab: Sleeping          |       |       |     2 |       ||     2
       Held in net/web   |       |       |     1 |       ||     1
       Paralysed         |       |       |    10 |       ||    10
Armor: Leather armour    |    47 |    83 |   257 |       ||   387
       Steam dragon scal |       |       |   110 |   281 ||   391
Dodge: Dodged            |   112 |    95 |   437 |   346 ||   990
